 Dungeon Crawl Stone Soup version 0.29.0-11-gd7f09526c8 (webtiles) character file.

Game seed: 7143332965236505642

10320 robertstho the Grappler (level 11, -5/47 HPs)
             Began as a Vine Stalker Berserker on Sept 6, 2022.
             Was a High Priest of Trog.
             Killed from afar by a raiju (15 damage)
             ... with a living lightning
             ... on level 1 of the Abyss.
             The game lasted 00:16:10 (8912 turns).

robertstho the Grappler (Vine Stalker Berserker)    Turns: 8912, Time: 00:16:12

Health: -5/47      AC:  8    Str: 22      XL:     11   Next: 60%
Magic:  0/8        EV:  9    Int:  5      God:    Trog [*****.]
Gold:   625        SH: 13    Dex: 15 (16) Spells: 10/10 levels left

rFire   . . .      SeeInvis +     - Unarmed
rCold   . . .      Faith    .   G - +0 tower shield
rNeg    . . .      Spirit   +   K - +0 troll leather armour
rPois   +          Reflect  .   t - +1 hat
rElec   .          Harm     .   (no cloak)
rCorr   .          Rampage  .   k - +0 pair of gloves
Will    +....      Rage     9%  (no boots)
Stlth   ++........              B - amulet "Botu" {RegenMP *Corrode Str-3 Int+2 Dex+7}
HPRegen 0.00/turn               y - ring of poison resistance
MPRegen 0.51/turn               a - ring of see invisible

@: about to teleport, sick, unable to read, unable to drink
A: fangs 3, regeneration 1, magic shield, antimagic bite, no potion heal 2,
[berserk 2], [clumsy 2], [dopey 2], [frail 2], [low MP 3], [subdued magic 2],
[inability to drink after injury 2], [inability to read after injury 2]
a: Renounce Religion, Berserk, Trog's Hand, Brothers in Arms


You were on level 1 of the Abyss.
You worshipped Trog.
Trog was extremely pleased with you.
You visited 1 branch of the dungeon, and saw 10 of its levels.
You visited the Abyss 1 time.
You also visited: Sewer.

You collected 793 gold pieces.
You spent 168 gold pieces at shops.

Inventory:

Armour
 b - a +0 plate armour
 k - a +0 pair of gloves (worn)
 t - a +1 hat (worn)
 G - a +0 tower shield (worn)
 K - a +0 troll leather armour (worn)
Jewellery
 a - a ring of see invisible (right hand)
 g - a +6 ring of strength
 y - a ring of poison resistance (left hand)
 z - a ring of resist corrosion
 A - a ring of willpower
 B - the amulet "Botu" (around neck) {RegenMP *Corrode Str-3 Int+2 Dex+7}
   (You found it on level 6 of the Dungeon)

   [amulet of magic regeneration]

   It increases your rate of magic regeneration.
   Str:       It affects your strength (-3).
   Int:       It affects your intelligence (+2).
   Dex:       It affects your dexterity (+7).
   *Corrode:  It may corrode you when you take damage.
 L - a +4 ring of evasion
Wands
 h - a wand of polymorph (18)
 v - a wand of digging (4)
 I - a wand of light (9)
Scrolls
 c - a scroll of vulnerability
 d - 2 scrolls of fear
 e - 3 scrolls of magic mapping
 f - 3 scrolls of enchant armour
 n - a scroll of poison
 p - a scroll of brand weapon
 q - 3 scrolls of immolation
 r - 4 scrolls of teleportation
 u - 2 scrolls of silence
 w - 4 scrolls of blinking
 D - 3 scrolls of enchant weapon
 N - a scroll of summoning
Potions
 i - 3 potions of might
 j - 2 potions of brilliance {unknown}
 l - 2 potions of cancellation
 m - 3 potions of curing {unknown}
 o - 4 potions of flight
 x - a potion of resistance {unknown}
 C - a potion of haste {unknown}
 E - a potion of lignification {unknown}
 F - a potion of heal wounds {unknown}
 H - a potion of invisibility {unknown}
 J - a potion of berserk rage


   Skills:
 * Level 7.7 Fighting
 * Level 9.3 Armour
 + Level 3.6 Dodging
 + Level 1.8 Stealth
 + Level 3.7 Shields
 + Level 10.8 Unarmed Combat


You had 10 spell levels left.
You didn't know any spells.
Your spell library was empty.

Dungeon Overview and Level Annotations

Branches:
Dungeon (10/15)            Temple (0/1) D:4            Lair (0/5) D:9
  Sewer (visited)
    Orc: D:9-12

Altars:
Elyvilon
Fedhas
Gozag
Hepliaklqana
Kikubaaqudgha
Nemelex Xobeh
Ru
Sif Muna
Vehumet
Wu Jian

Shops:
D:3 *

Annotations:
D:10 Erolcha, Sonja


Innate Abilities, Weirdness & Mutations

You have razor-sharp teeth.
Your natural rate of healing is unusually fast.
When hurt, damage is shared between your health and your magic reserves.
Your bite disrupts and absorbs the magic of your enemies.
Potions cannot restore your health.
[You have an uncontrollable temper.]
[You are very clumsy. (Dex -4)]
[You are very dopey. (Int -4)]
[You are very frail. (-20% HP)]
[Your magical capacity is extremely low. (-30% MP)]
[Your spells are easier to cast, but less powerful.]
[You sometimes lose the ability to drink potions when taking damage.]
[You sometimes lose the ability to read scrolls when taking damage.]


Message History

An ancient zyme comes into view.
You feel ill.
A spatial vortex comes into view.
You feel ill.
A starcursed mass comes into view.
You feel ill.
As you read the scroll of teleportation, it crumbles to dust.
You feel strangely unstable.
You feel the power of the Abyss delaying your translocation!
As you read the scroll of identify, it crumbles to dust.
N - a scroll of summoning The wretched star pulses with an eldritch light!
You feel clumsy. x2
You feel ill.
Unknown command.
The raiju bursts into living lightning!
The living lightning hits you!!
You feel threatened and lose the ability to drink potions!
* * * LOW HITPOINT WARNING * * *
The raiju blinks!
The wretched star pulses with an eldritch light!
Your connection to magic feels subdued.
Your connection to magic feels more subdued.
The raiju bursts into living lightning!
The living lightning misses you.
The raiju blinks!
The wretched star pulses with an eldritch light!
You feel less energetic.
You feel stupid. x2
The raiju bursts into living lightning!
The living lightning hits you.
* * * LOW HITPOINT WARNING * * *
The raiju blinks!
Unknown command.
A large abomination comes into view.
The wretched star pulses with an eldritch light!
You occasionally lose the ability to read scrolls when taking damage.
You lose the ability to read scrolls when taking damage more often.
The raiju bursts into living lightning!
The living lightning hits you!!
You feel threatened and lose the ability to read scrolls!
You die...

..... ....# ......
....##. ......
....#.. ......
.......
......##.......
...............
............# .
........@....# #
..............#...
..................
................X...
...##......##........
. .##......##h...#...
#..............x...#
. . .....*..........#
......
.....xh....♣≈~≈


You could see a wretched star, an ancient zyme, a large abomination and a raiju.

Vanquished Creatures
  A thrashing horror (Abyss:1)
  The ghost of bakla the Conjurer, a novice OpCj of Sif Muna (D:7)
  A large abomination (Abyss:1)
  An ancient zyme (Abyss:1)
  A troll (D:7)
  A hornet (D:9)
  A raiju (Abyss:1)
  2 wyverns (D:9)
  12 yaks
  2 basilisks (D:9)
  A steam dragon (D:6)
  5 humans (D:6)
  A neqoxec (Abyss:1)
  Menkaure (D:7)
  6 water moccasins
  2 orc warriors
  2 ice beasts
  2 sky beasts
  A black bear (D:4)
  4 ogres
  A centaur (D:4)
  A phantom (D:7)
  3 kobold brigands
  2 bullfrogs
  2 gnoll sergeants
  2 necrophages
  2 scorpions
  8 killer bees
  4 howler monkeys
  9 starcursed masses (Abyss:1)
  A quasit (Abyss:1)
  A hound (D:5)
  A jelly (D:6)
  An orc priest (D:5)
  An iron imp (Abyss:1)
  A gnoll bouda (D:7)
  5 iguanas
  6 orc wizards
  11 gnolls
  19 adders
  11 river rats
  2 shadow imps
  A white imp (Abyss:1)
  An ufetubus (D:6)
  4 worms
  2 dart slugs
  17 orcs
  11 endoplasms
  2 giant cockroaches
  10 hobgoblins
  7 jackals
  21 kobolds
  5 quokkas
  9 ball pythons
  6 bats
  9 frilled lizards
  4 goblins
  44 rats
295 creatures vanquished.

Vanquished Creatures (others)
  A sky beast (D:6)
  A fungus (D:9)
  15 plants
17 creatures vanquished.

Grand Total: 312 creatures vanquished

Notes
Turn   | Place    | Note
-------+----------+-------------------------------------------
     0 | D:1      | robertstho the Vine Stalker Berserker began the quest for
                  | the Orb.
     0 | D:1      | Reached XP level 1. HP: 11/11 MP: 2/2
   107 | D:1      | Reached XP level 2. HP: 13/16 MP: 3/3
   852 | D:1      | Reached XP level 3. HP: 20/20 MP: 4/4
  1426 | D:2      | Reached ** piety under Trog
  1526 | D:2      | Gained mutation: Your natural rate of healing is unusually
                  | fast. [Vine Stalker growth]
  1526 | D:2      | Reached XP level 4. HP: 23/24 MP: 5/5
  1822 | D:2      | Reached skill level 4 in Unarmed Combat
  1929 | D:2      | Reached XP level 5. HP: 28/28 MP: 6/6
  2363 | D:3      | Reached *** piety under Trog
  2792 | D:3      | Found Dakhesix's General Store.
  2798 | D:3      | Bought a scroll of identify for 24 gold pieces
  2798 | D:3      | Bought a scroll of fear for 48 gold pieces
  2798 | D:3      | Bought a scroll of poison for 48 gold pieces
  2994 | D:3      | Bought a scroll of amnesia for 48 gold pieces
  3063 | D:4      | You fall into a shaft and drop 3 floors!
  3073 | D:7      | Found a runed translucent gate.
  3073 | D:7      | Found a runed translucent gate.
  3073 | D:7      | Found a runed translucent gate.
  3096 | D:6      | Noticed a steam dragon
  3111 | D:6      | Killed a steam dragon
  3112 | D:6      | Reached skill level 5 in Unarmed Combat
  3112 | D:6      | Reached XP level 6. HP: 14/33 MP: 7/7
  3163 | D:5      | Entered Level 5 of the Dungeon
  3259 | D:5      | Reached XP level 7. HP: 33/37 MP: 8/8
  3425 | D:5      | Found a glowing drain.
  3429 | Sewer    | Entered a sewer
  3508 | Sewer    | Reached **** piety under Trog
  3853 | D:5      | Reached skill level 6 in Unarmed Combat
  4157 | D:5      | Gained mutation: You have razor-sharp teeth. [Vine Stalker
                  | growth]
  4157 | D:5      | Reached XP level 8. HP: 36/42 MP: 5/9
  4218 | D:5      | Found an ornate altar of the Wu Jian Council.
  4409 | D:4      | Found a blossoming altar of Fedhas.
  4419 | D:4      | Found a white marble altar of Elyvilon.
  4419 | D:4      | Found an opulent altar of Gozag.
  4552 | D:4      | Reached skill level 5 in Armour
  4802 | D:4      | Found a staircase to the Ecumenical Temple.
  5132 | D:6      | Reached skill level 7 in Unarmed Combat
  5136 | D:6      | Reached skill level 5 in Fighting
  5142 | D:6      | Found a hazy altar of Hepliaklqana.
  5154 | D:6      | Reached XP level 9. HP: 47/47 MP: 5/10
  5242 | D:6      | Reached skill level 8 in Unarmed Combat
  5798 | D:6      | Reached ***** piety under Trog
  5799 | D:6      | Identified the amulet "Botu" {RegenMP *Corrode Str-3 Int+2
                  | Dex+7}
  5935 | D:7      | Noticed Menkaure
  5941 | D:7      | Killed Menkaure
  6022 | D:7      | Found an ancient bone altar of Kikubaaqudgha.
  6025 | D:7      | Found a shimmering blue altar of Sif Muna.
  6027 | D:7      | Found a radiant altar of Vehumet.
  6080 | D:7      | Noticed a troll
  6090 | D:7      | Killed a troll
  6091 | D:7      | Reached skill level 9 in Unarmed Combat
  6091 | D:7      | Reached XP level 10. HP: 53/53 MP: 11/11
  6351 | D:7      | Found an opulent altar of Gozag.
  6352 | D:7      | Noticed bakla's ghost (novice OpCj)
  6764 | D:7      | Killed bakla's ghost
  6935 | D:8      | Found a sparkling altar of Nemelex Xobeh.
  6938 | D:8      | Found a sacrificial altar of Ru.
  7850 | D:9      | Reached skill level 1 in Shields
  7856 | D:9      | Reached skill level 10 in Unarmed Combat
  7860 | D:9      | Reached skill level 1 in Stealth
  8093 | D:9      | Found a staircase to the Lair.
  8101 | D:9      | Reached XP level 11. HP: 58/58 MP: 12/12
  8524 | D:10     | Entered Level 10 of the Dungeon
  8673 | D:10     | Noticed Sonja
  8677 | D:10     | Noticed Erolcha
  8677 | Abyss:1  | Cast into level 1 of the Abyss (Sonja)
  8717 | Abyss:1  | Noticed a large abomination
  8731 | Abyss:1  | Noticed a large abomination
  8754 | Abyss:1  | Noticed a thrashing horror
  8767 | Abyss:1  | Killed a large abomination
  8775 | Abyss:1  | HP: 3/87 [raiju/living lightning (7)]
  8777 | Abyss:1  | HP: 1/58 [raiju (3)]
  8781 | Abyss:1  | Killed a thrashing horror
  8822 | Abyss:1  | Noticed a starcursed mass
  8831 | Abyss:1  | Paralysed by accursed screaming for 1 turns
  8835 | Abyss:1  | Paralysed by accursed screaming for 1 turns
  8838 | Abyss:1  | Paralysed by accursed screaming for 1 turns
  8844 | Abyss:1  | Killed a starcursed mass
  8876 | Abyss:1  | Found a snail-covered altar of Cheibriados.
  8886 | Abyss:1  | Noticed a wretched star
  8896 | Abyss:1  | Noticed a starcursed mass
  8910 | Abyss:1  | Noticed a large abomination
  8912 | Abyss:1  | Killed from afar by a raiju

Illustrated notes

Levels and vault maps discovered:
D:1:      nicolae_arrival_memento_mori, layout_loops_ring,
          minmay_stone_trees_small, kennysheep_another_room, chequers_garden,
          minmay_close_crescents
D:2:      layout_basic, minmay_rat_hole
D:3:      layout_basic, serial_shops, shop_coins
D:4:      kb_forest_paths, layout_cave_pools, grunt_temple_overflow_open,
          temple_hall_moat, serial_glass, glass_columns_b, glass_columns_a,
          minmay_strange_pillars, minmay_strange_pillars
D:5:      layout_cave_pods, nzn_wu_jian_contemplation, lightli_sewer_entry_pipes
D:6:      layout_rooms, nicolae_hepliaklqana_hazy_memory, roderic_lattice_a,
          minmay_ruffians
D:7:      layout_loops_ring, grunt_temple_overflow_magic_moments,
          ebering_ghost_gozag, minivault_27, uniq_menkaure
D:8:      layout_basic, mainiacjoe_overflow_catwalk_spiral
D:9:      layout_stronghold, minmay_lair_entry_grove
D:10:     layout_basic, old_standard_altar, erik_orc_3, minmay_lindwurm_lava,
          uniq_erolcha, uniq_sonja
Abyss:1:  base: Temple, serial_sigils_hangedman_shear,
          serial_sigils_hangedman_shear

Skill      XL: |  1  2  3  4  5  6  7  8  9 10 11 |
---------------+----------------------------------+-----
Fighting       | 3 4 5 6 7 |  7.7
Armour         | 2 3 4 6 8 9 |  9.3
Unarmed Combat | 4 5 6 7 9 10 | 10.8
Dodging        | 2 3 |  3.6
Shields        | 2 3 |  3.7
Stealth        | 1 |  1.8

Action                   |  1- 3 |  4- 6 |  7- 9 | 10-12 || total
-------------------------+-------+-------+-------+-------++-------
Melee: Unarmed           |    87 |   169 |   377 |   288 ||   921
       Bite              |    21 |    36 |    89 |    96 ||   242
       Punch             |     6 |     3 |    13 |     3 ||    25
Invok: Berserk           |     1 |     1 |     7 |     9 ||    18
       Trog's Hand       |       |       |       |     1 ||     1
Evoke: Wand              |       |       |       |     2 ||     2
  Use: Scroll            |       |     8 |     6 |     4 ||    18
       Potion            |       |       |       |     1 ||     1
 Stab: Sleeping          |       |       |       |     1 ||     1
       Invisible         |       |       |       |     1 ||     1
Armor: Plate armour      |    44 |    94 |   186 |    32 ||   356
       Troll leather arm |       |       |       |    71 ||    71
Dodge: Dodged            |    23 |    49 |   123 |    89 ||   284
Block: Tower shield      |       |       |       |   190 ||   190
